[ AOE2 MATCH · #513746925 ]
UnrankedMaya vs Mongols
Player's team · WIN
Rival team · LOSS
[ REPLAY ANALYSIS · EXTRACTED FROM THE RECORDED GAME ]
Feudal
17:36
Castle
22:46
Imperial
—
| APM avg | 68.3 |
| APM peak | 123 |
| eAPM avg | 29.9 |
| Villagers / military | 67 / 12 |
Focus
⚔️ 25.1% · 🌾 74.9%
Archer ×7 · Skirmisher ×5
Feudal
19:40
Castle
—
Imperial
—
| APM avg | 58.7 |
| APM peak | 115 |
| eAPM avg | 26.6 |
| Villagers / military | 66 / 9 |
Focus
⚔️ 30.1% · 🌾 69.9%
Militia ×5 · Skirmisher ×4
Match map
Initial resources + every placement click. Lines = walls · curves = elevation contours. ◆ gold · ⬟ stone · ● berries · ✦ relic · ◌ wall gap
Your base· Open — 4t gap
CTM | IKARO's base· Open — unwalled flank
Smoothed initial terrain · ◌ = detected wall gap · hover for details
Inputs per minute
— cabdelbrillo - - CTM | IKARO
Build order — cabdelbrillo
147 actions detected in the replay
| 0:01 | Queue | Villager (Male) |
| 0:01 | Queue | Villager (Male) |
| 0:02 | Queue | Villager (Male) |
| 0:02 | Build | House |
| 0:04 | Build | House |
| 0:06 | Research | Loom |
| 0:06 | Research | Loom |
| 0:45 | Queue | Villager (Male) |
| 0:46 | Queue | Villager (Male) |
| 0:46 | Queue | Villager (Male) |
| 1:55 | Queue | Villager (Male) |
| 1:56 | Queue | Villager (Male) |
| 1:56 | Queue | Villager (Male) |
| 1:56 | Queue | Villager (Male) |
| 2:31 | Queue | Villager (Male) |
| 2:31 | Queue | Villager (Male) |
| 2:33 | Queue | Villager (Male) |
| 2:33 | Queue | Villager (Male) |
| 3:10 | Queue | Villager (Male) |
| 3:10 | Queue | Villager (Male) |
| 3:51 | Queue | Villager (Male) |
| 3:51 | Queue | Villager (Male) |
| 3:52 | Queue | Villager (Male) |
| 3:52 | Queue | Villager (Male) |
| 3:52 | Queue | Villager (Male) |
| 4:05 | Build | House |
| 4:25 | Build | Palisade Gate |
| 4:29 | Build | Palisade Wall |
| 4:31 | Build | Palisade Wall |
| 4:33 | Build | Palisade Gate |
| 4:41 | Queue | Villager (Male) |
| 4:41 | Queue | Villager (Male) |
| 4:54 | Queue | Villager (Male) |
| 5:28 | Queue | Villager (Male) |
| 5:28 | Queue | Villager (Male) |
| 5:28 | Queue | Villager (Male) |
| 6:39 | Queue | Villager (Male) |
| 6:40 | Queue | Villager (Male) |
| 7:10 | Queue | Villager (Male) |
| 7:19 | Build | House |
| 7:47 | Queue | Villager (Male) |
| 7:47 | Queue | Villager (Male) |
| 7:48 | Queue | Villager (Male) |
| 7:48 | Queue | Villager (Male) |
| 8:01 | Build | Lumber Camp |
| 8:07 | Queue | Villager (Male) |
| 8:07 | Queue | Villager (Male) |
| 8:12 | Build | Mill |
| 8:16 | Queue | Villager (Male) |
| 8:48 | Build | Mill |
| 9:15 | Queue | Villager (Male) |
| 9:15 | Queue | Villager (Male) |
| 9:15 | Queue | Villager (Male) |
| 9:33 | Build | Mill |
| 9:39 | Build | House |
| 9:56 | Build | Farm |
| 10:23 | Build | Farm |
| 10:25 | Build | Farm |
| 10:47 | Queue | Villager (Male) |
| 10:47 | Queue | Villager (Male) |
| 11:01 | Queue | Villager (Male) |
| 11:03 | Build | Farm |
| 11:14 | Queue | Villager (Male) |
| 11:16 | Build | Farm |
| 11:23 | Queue | Villager (Male) |
| 11:28 | Build | Palisade Wall |
| 11:38 | Build | Farm |
| 11:40 | Build | Farm |
| 11:50 | Build | Farm |
| 11:58 | Queue | Villager (Male) |
| 12:01 | Build | House |
| 12:08 | Build | Farm |
| 12:28 | Build | Farm |
| 12:31 | Build | Farm |
| 12:35 | Queue | Villager (Male) |
| 12:51 | Queue | Villager (Male) |
| 12:55 | Build | Farm |
| 13:07 | Build | Farm |
| 13:22 | Build | Farm |
| 13:27 | Queue | Villager (Male) |
| 13:37 | Build | Farm |
| 13:42 | Build | Farm |
| 13:56 | Build | Farm |
| 14:03 | Queue | Villager (Male) |
| 14:11 | Build | Farm |
| 14:22 | Build | House |
| 14:23 | Build | House |
| 14:34 | Queue | Villager (Male) |
| 14:49 | Build | Farm |
| 14:58 | Build | Farm |
| 15:01 | Queue | Villager (Male) |
| 15:14 | Build | Mining Camp |
| 15:25 | Research | Feudal Age |
| 16:18 | Build | Barracks |
| 16:24 | Queue | Villager (Male) |
| 17:03 | Build | Palisade Wall |
| 17:06 | Build | Palisade Wall |
| 17:09 | Build | Palisade Wall |
| 17:24 | Build | Palisade Wall |
| 17:31 | Queue | Villager (Male) |
| 17:36 | Age | Feudal Age |
| 17:40 | Build | Archery Range |
| 17:42 | Queue | Villager (Male) |
| 17:52 | Research | Gold Mining |
| 17:52 | Research | Gold Mining |
| 17:55 | Research | Double-Bit Axe |
| 18:02 | Queue | Villager (Male) |
| 18:08 | Build | Palisade Wall |
| 18:17 | Queue | Villager (Male) |
| 18:21 | Queue | Archer |
| 18:21 | Queue | Archer |
| 18:22 | Queue | Archer |
| 18:27 | Build | Blacksmith |
| 18:30 | Queue | Villager (Male) |
| 19:00 | Queue | Villager (Male) |
| 19:27 | Queue | Archer |
| 19:29 | Queue | Villager (Male) |
| 20:05 | Research | Castle Age |
| 20:06 | Research | Castle Age |
| 20:06 | Research | Castle Age |
| 20:24 | Build | Archery Range |
| 20:27 | Research | Padded Archer Armor |
| 20:27 | Research | Padded Archer Armor |
| 20:46 | Research | Stone Mining |
| 20:46 | Research | Stone Mining |
| 21:09 | Research | Fletching |
| 21:09 | Research | Fletching |
| 21:22 | Queue | Archer |
| 21:23 | Queue | Archer |
| 21:23 | Queue | Archer |
| 21:32 | Queue | Skirmisher |
| 21:32 | Queue | Skirmisher |
| 22:35 | Queue | Villager (Male) |
| 22:37 | Queue | Skirmisher |
| 22:46 | Age | Castle Age |
| 22:49 | Queue | Villager (Male) |
| 22:50 | Build | House |
| 23:05 | Queue | Villager (Male) |
| 23:09 | Build | Farm |
| 23:14 | Build | Castle |
| 23:33 | Queue | Skirmisher |
| 23:33 | Queue | Skirmisher |
| 24:19 | Queue | Villager (Male) |
| 24:19 | Queue | Villager (Male) |
| 24:19 | Queue | Villager (Male) |
| 24:21 | Queue | Villager (Male) |
| 24:31 | Build | Mining Camp |
Build order — CTM | IKARO
First 150 of 152 actions detected
| 0:02 | Queue | Villager (Male) |
| 0:02 | Queue | Villager (Male) |
| 0:02 | Queue | Villager (Male) |
| 0:04 | Build | House |
| 0:06 | Build | House |
| 0:07 | Queue | Villager (Male) |
| 1:22 | Queue | Villager (Male) |
| 2:10 | Queue | Villager (Male) |
| 2:10 | Queue | Villager (Male) |
| 2:11 | Queue | Villager (Male) |
| 2:26 | Queue | Villager (Male) |
| 2:27 | Queue | Villager (Male) |
| 2:44 | Research | Loom |
| 2:44 | Research | Loom |
| 2:50 | Queue | Villager (Male) |
| 2:50 | Queue | Villager (Male) |
| 2:56 | Build | Mill |
| 2:59 | Queue | Villager (Male) |
| 2:59 | Queue | Villager (Male) |
| 3:08 | Queue | Villager (Male) |
| 3:08 | Queue | Villager (Male) |
| 5:01 | Build | House |
| 5:20 | Queue | Villager (Male) |
| 5:20 | Queue | Villager (Male) |
| 5:21 | Queue | Villager (Male) |
| 5:22 | Build | House |
| 6:41 | Queue | Villager (Male) |
| 6:54 | Build | Palisade Wall |
| 7:03 | Build | Palisade Wall |
| 7:03 | Build | Palisade Wall |
| 7:03 | Build | Palisade Wall |
| 7:04 | Build | Palisade Wall |
| 7:04 | Build | Palisade Wall |
| 7:04 | Build | Palisade Wall |
| 7:42 | Build | Palisade Wall |
| 7:42 | Build | Palisade Wall |
| 7:43 | Build | Palisade Wall |
| 7:43 | Build | Palisade Wall |
| 7:44 | Build | Palisade Wall |
| 7:44 | Build | Palisade Wall |
| 7:44 | Build | Palisade Wall |
| 7:44 | Build | Palisade Wall |
| 7:45 | Build | Palisade Wall |
| 7:45 | Build | Palisade Wall |
| 7:45 | Build | Palisade Wall |
| 7:50 | Build | Lumber Camp |
| 8:08 | Queue | Villager (Male) |
| 8:08 | Queue | Villager (Male) |
| 8:15 | Queue | Villager (Male) |
| 8:15 | Queue | Villager (Male) |
| 8:33 | Build | House |
| 9:12 | Build | Palisade Wall |
| 9:14 | Build | Palisade Wall |
| 9:22 | Queue | Villager (Male) |
| 9:23 | Queue | Villager (Male) |
| 9:23 | Queue | Villager (Male) |
| 9:44 | Queue | Villager (Male) |
| 9:44 | Queue | Villager (Male) |
| 9:45 | Queue | Villager (Male) |
| 10:04 | Queue | Villager (Male) |
| 10:04 | Queue | Villager (Male) |
| 10:16 | Build | Palisade Gate |
| 10:19 | Build | Palisade Gate |
| 11:14 | Build | Palisade Wall |
| 11:14 | Build | Palisade Wall |
| 11:15 | Build | Palisade Wall |
| 11:15 | Build | Palisade Wall |
| 11:16 | Build | Palisade Wall |
| 11:16 | Build | Palisade Wall |
| 11:16 | Build | Palisade Wall |
| 11:20 | Queue | Villager (Male) |
| 11:20 | Queue | Villager (Male) |
| 11:37 | Queue | Villager (Male) |
| 11:37 | Queue | Villager (Male) |
| 12:22 | Queue | Villager (Male) |
| 12:22 | Queue | Villager (Male) |
| 12:29 | Build | Mill |
| 12:34 | Queue | Villager (Male) |
| 12:34 | Queue | Villager (Male) |
| 13:14 | Queue | Villager (Male) |
| 13:14 | Queue | Villager (Male) |
| 13:30 | Build | Barracks |
| 13:33 | Queue | Villager (Male) |
| 13:33 | Queue | Villager (Male) |
| 13:47 | Build | House |
| 14:04 | Queue | Villager (Male) |
| 14:04 | Queue | Villager (Male) |
| 14:05 | Queue | Villager (Male) |
| 14:23 | Queue | Villager (Male) |
| 14:32 | Queue | Militia |
| 14:32 | Queue | Militia |
| 14:33 | Queue | Militia |
| 14:42 | Build | Farm |
| 14:45 | Queue | Villager (Male) |
| 15:15 | Queue | Militia |
| 15:15 | Queue | Militia |
| 15:19 | Build | House |
| 15:29 | Queue | Villager (Male) |
| 15:46 | Queue | Villager (Male) |
| 15:56 | Queue | Villager (Male) |
| 15:58 | Build | House |
| 16:00 | Queue | Villager (Male) |
| 16:04 | Queue | Villager (Male) |
| 16:09 | Build | Farm |
| 16:36 | Build | Farm |
| 16:40 | Build | Farm |
| 17:04 | Build | Farm |
| 17:05 | Queue | Villager (Male) |
| 17:26 | Build | Lumber Camp |
| 17:30 | Research | Feudal Age |
| 17:30 | Research | Feudal Age |
| 17:44 | Build | Mining Camp |
| 17:50 | Build | House |
| 17:52 | Build | Palisade Wall |
| 17:56 | Build | Palisade Wall |
| 18:10 | Build | Palisade Wall |
| 18:14 | Queue | Villager (Male) |
| 18:45 | Build | House |
| 18:59 | Build | Farm |
| 19:01 | Build | Farm |
| 19:22 | Build | Farm |
| 19:40 | Age | Feudal Age |
| 19:43 | Queue | Villager (Male) |
| 19:47 | Build | Archery Range |
| 19:50 | Build | Mining Camp |
| 19:53 | Research | Double-Bit Axe |
| 19:54 | Research | Double-Bit Axe |
| 19:57 | Queue | Villager (Male) |
| 20:04 | Build | Farm |
| 20:09 | Build | Farm |
| 20:24 | Queue | Skirmisher |
| 20:24 | Queue | Skirmisher |
| 20:24 | Queue | Skirmisher |
| 20:36 | Build | Farm |
| 20:38 | Build | Farm |
| 20:41 | Build | Mill |
| 20:43 | Build | Farm |
| 20:46 | Build | Farm |
| 21:01 | Queue | Villager (Male) |
| 21:08 | Build | Blacksmith |
| 21:17 | Build | Farm |
| 21:28 | Queue | Villager (Male) |
| 21:30 | Queue | Villager (Male) |
| 21:30 | Queue | Villager (Male) |
| 21:34 | Build | Farm |
| 21:54 | Queue | Villager (Male) |
| 22:03 | Research | Fletching |
| 22:15 | Queue | Villager (Male) |
| 23:01 | Build | Market |
| 23:05 | Queue | Skirmisher |
Match timeline
| 4:29 | cabdelbrillo · wall_segment Palisade Wall x2 |
| 4:31 | cabdelbrillo · wall_segment Palisade Wall x1 |
| 6:54 | CTM | IKARO · wall_segment Palisade Wall x1 |
| 7:03 | CTM | IKARO · wall_segment Palisade Wall x2 |
| 7:03 | CTM | IKARO · wall_segment Palisade Wall x1 |
| 7:03 | CTM | IKARO · wall_segment Palisade Wall x1 |
| 7:04 | CTM | IKARO · wall_segment Palisade Wall x2 |
| 7:04 | CTM | IKARO · wall_segment Palisade Wall x1 |
| 7:04 | CTM | IKARO · wall_segment Palisade Wall x1 |
| 7:42 | CTM | IKARO · wall_segment Palisade Wall x1 |
| 7:42 | CTM | IKARO · wall_segment Palisade Wall x1 |
| 7:43 | CTM | IKARO · wall_segment Palisade Wall x1 |
| 7:43 | CTM | IKARO · wall_segment Palisade Wall x2 |
| 7:44 | CTM | IKARO · wall_segment Palisade Wall x2 |
| 7:44 | CTM | IKARO · wall_segment Palisade Wall x1 |
| 7:44 | CTM | IKARO · wall_segment Palisade Wall x2 |
| 7:44 | CTM | IKARO · wall_segment Palisade Wall x2 |
| 7:45 | CTM | IKARO · wall_segment Palisade Wall x2 |
| 7:45 | CTM | IKARO · wall_segment Palisade Wall x1 |
| 7:45 | CTM | IKARO · wall_segment Palisade Wall x1 |
| 9:12 | CTM | IKARO · wall_segment Palisade Wall x1 |
| 9:14 | CTM | IKARO · wall_segment Palisade Wall x1 |
| 11:14 | CTM | IKARO · wall_segment Palisade Wall x1 |
| 11:14 | CTM | IKARO · wall_segment Palisade Wall x1 |
| 11:15 | CTM | IKARO · wall_segment Palisade Wall x1 |
| 11:15 | CTM | IKARO · wall_segment Palisade Wall x1 |
| 11:16 | CTM | IKARO · wall_segment Palisade Wall x1 |
| 11:16 | CTM | IKARO · wall_segment Palisade Wall x1 |
| 11:16 | CTM | IKARO · wall_segment Palisade Wall x1 |
| 11:28 | cabdelbrillo · wall_segment Palisade Wall x4 |
| 13:30 | CTM | IKARO · first_building Barracks |
| 16:18 | cabdelbrillo · first_building Barracks |
| 17:03 | cabdelbrillo · wall_segment Palisade Wall x1 |
| 17:06 | cabdelbrillo · wall_segment Palisade Wall x4 |
| 17:09 | cabdelbrillo · wall_segment Palisade Wall x1 |
| 17:24 | cabdelbrillo · wall_segment Palisade Wall x3 |
| 17:36 | cabdelbrillo · age_up feudal |
| 17:40 | cabdelbrillo · first_building Archery Range |
| 17:52 | CTM | IKARO · wall_segment Palisade Wall x5 |
| 17:56 | CTM | IKARO · wall_segment Palisade Wall x5 |
| 18:08 | cabdelbrillo · wall_segment Palisade Wall x1 |
| 18:10 | CTM | IKARO · wall_segment Palisade Wall x17 |
| 19:40 | CTM | IKARO · age_up feudal |
| 19:47 | CTM | IKARO · first_building Archery Range |
| 22:46 | cabdelbrillo · age_up castle |
| 23:14 | cabdelbrillo · first_building Castle |
| 23:40 | CTM | IKARO · first_market_buy 100 food |
| 24:40 | CTM | IKARO · resign |
[ AI ANALYSIS · 1 CREDIT ]
What really happened in this match?
Wolo.gg analyzes every decision: build order, eco, micro, common mistakes by bracket. Personalized analysis on WhatsApp or Discord in 30 seconds.
Civ guide
Maya
Perfil
Jugador #2056943